 Dungeon Crawl Stone Soup version 0.19.0-2-gae57169 (webtiles) character file.

1796 lorenzova the Fighter (level 8, -1/79 HPs)
             Began as a Minotaur Berserker on Nov 5, 2016.
             Was an Elder of Trog.
             Slain by a steam dragon (5 damage)
             ... on level 6 of the Dungeon.
             The game lasted 00:08:21 (6469 turns).

lorenzova the Fighter (Minotaur Berserker)          Turns: 6469, Time: 00:08:21

Health: -1/79      AC:  5    Str: 24    XL:     8   Next: 83%
Magic:  7/7        EV:  6    Int:  4    God:    Trog [****..]
Gold:   312        SH:  0    Dex: 10    Spells: 0 memorised, 7 levels left

rFire  + . .     SeeInvis .     a - +0 hand axe
rCold  + . .     Gourm    +     D - +0 gold dragon scales (curse)
rNeg   . . .     Faith    .     (no shield)
rPois  +         Spirit   .     (helmet restricted)
rElec  .         Reflect  .     (no cloak)
rCorr  .         Harm     .     (no gloves)
MR     .....                    (no boots)
Stlth  ..........               f - amulet of the gourmand
                                (no ring)
                                (no ring)

@: corroded
A: retaliatory headbutt, horns 2
a: Berserk, Trog's Hand, Brothers in Arms, Burn Spellbooks, Renounce Religion


You were on level 6 of the Dungeon.
You worshipped Trog.
Trog was greatly pleased with you.
You were very full.

You visited 1 branch of the dungeon, and saw 6 of its levels.

You collected 312 gold pieces.

Inventory:

Hand Weapons
 a - a +0 hand axe (weapon)
Armour
 o - a +0 chain mail
 s - a +0 ring mail
 D - cursed +0 gold dragon scales (worn)
Jewellery
 f - an amulet of the gourmand (around neck)
 m - an uncursed ring of wizardry {unknown}
 B - an uncursed ring of magical power
Wands
 q - a wand of polymorph (10/24)
 H - a wand of enslavement (22/24)
Scrolls
 d - 2 scrolls of immolation
 h - 2 scrolls of identify
 j - 3 scrolls of random uselessness
 k - 2 scrolls of fog
 l - 3 scrolls of teleportation
 p - a scroll of magic mapping
 t - a scroll of enchant armour {unknown}
 y - a scroll of recharging {unknown}
Potions
 b - a potion of flight {unknown}
 e - 2 potions of haste {unknown}
 i - 3 potions of curing {unknown}
 r - a potion of ambrosia {unknown}
 u - a potion of might {unknown}
 v - 2 potions of degeneration {unknown}
 w - a potion of resistance {unknown}
 x - a potion of brilliance {unknown}
 z - a potion of agility {unknown}
 C - a potion of beneficial mutation {unknown}
 E - a potion of berserk rage {unknown}
 G - a potion of heal wounds {unknown}
Books
 F - a book of Changes

   Spells                             Type                      Level
   a - Beastly Appendage              Transmutation                1
   b - Sticks to Snakes               Transmutation                2
   c - Spider Form                    Transmutation/Poison         3
   d - Ice Form                       Ice/Transmutation            4
   e - Blade Hands                    Transmutation                5
   Trog disapproves of the use of such an item.
Comestibles
 c - 6 bread rations
 g - 3 beef jerkies
 n - a meat ration
 A - a royal jelly


   Skills:
 + Level 10.0 Fighting
 + Level 4.6 Axes
 + Level 9.3 Armour
 + Level 3.4 Dodging


You had 7 spell levels left.
You didn't know any spells.

Dungeon Overview and Level Annotations

Branches:
Dungeon (6/15)             Temple (0/1) D:4

Altars:
Ru


Innate Abilities, Weirdness & Mutations

You reflexively headbutt those who attack you in melee.
You have a pair of horns on your head.


Message History

You hit the steam dragon but do no damage.
The steam dragon breathes steam at you. The ball of steam misses you.
The steam dragon bites you!
* * * LOW HITPOINT WARNING * * *
The steam dragon claws you but does no damage.
You are too injured to fight recklessly!
You are too injured to fight recklessly!
You hit the steam dragon. Your headbutt misses the steam dragon.
The steam dragon is lightly wounded.
Your gold dragon scales prevents you from hitting the steam dragon.
The steam dragon bites you.
* * * LOW HITPOINT WARNING * * *
The steam dragon claws you but does no damage.
The steam dragon bites you!
* * * LOW HITPOINT WARNING * * *
The steam dragon claws you but does no damage.
You barely miss the steam dragon.
The steam dragon is lightly wounded.
You completely miss the steam dragon. The steam dragon bites you.
You die...

....#### #.#...#..≈#............#
....# ##.#...#≈.P#........###..
...## #..#...#..P#............#
#..# #.#..#.#.P##........†####
...# #.#.##.#.P#.........(.#
...######.#.#.##..#........##.#
.....##...#.#.#.§§#.......##*.#
(..#.)#.###.#.#.§§#########**.###
...##.#.#,..#,#D@§#,,,,,,,,,.....
...##...#,#..,#D§§#*********#####
...###..#...#*#≈§.# *_*_*_
...#.......##*#≈.P#* **,*,*,
...#.##.....#*.P.≈P** *8,,,,,
####.######.##≈≈....** *,,,,,,
..........#.#^≈.....,* **,*,*,
####.####.#.#PP....≈.* ***,*,
#.......#.#.#*≈,,,,≈,* ****


You could see 2 steam dragons.

Vanquished Creatures
  Eustachio (D:4)
  Duvessa (D:4)
  An ogre (D:4)
  2 centaurs (D:5)
  Blork the orc (D:6)
  2 bullfrogs (D:6)
  Dowan (D:4)
  A scorpion (D:4)
  2 crimson imps (D:6)
  3 bullfrog skeletons
  4 orc priests
  A gnoll shaman (D:6)
  3 hounds
  A jelly (D:6)
  6 orc wizards
  Ijyb (D:3)
  Jessica (D:2)
  An iguana (D:4)
  3 worker ants (D:4)
  7 adders
  5 gnolls (D:6)
  A shadow imp (D:5)
  2 oozes
  A worm (D:3)
  2 dart slugs
  6 leopard geckos
  16 orcs
  5 giant cockroaches
  14 goblins
  10 hobgoblins
  14 jackals
  2 quokkas (D:3)
  5 ball pythons
  13 bats
  5 frilled lizards
  A jackal zombie (D:5)
  9 kobolds
  A leopard gecko skeleton (D:4)
  6 rats
161 creatures vanquished.

Notes
Turn   | Place    | Note
-------+----------+-------------------------------------------
     0 | D:1      | lorenzova the Minotaur Berserker began the quest for the Orb.
     0 | D:1      | Reached XP level 1. HP: 19/19 MP: 0/0
   240 | D:1      | Reached skill level 4 in Fighting
   253 | D:1      | Reached XP level 2. HP: 22/27 MP: 1/1
   664 | D:1      | Reached XP level 3. HP: 31/34 MP: 2/2
   729 | D:1      | Reached ** piety under Trog
  1242 | D:2      | Reached skill level 5 in Fighting
  1494 | D:2      | Reached XP level 4. HP: 41/42 MP: 3/3
  1566 | D:2      | Noticed Jessica
  1595 | D:2      | Killed Jessica
  2213 | D:3      | Reached XP level 5. HP: 39/50 MP: 4/4
  2491 | D:3      | Reached *** piety under Trog
  2612 | D:3      | Noticed Ijyb
  2617 | D:3      | Received a gift from Trog
  2622 | D:3      | Reached skill level 6 in Fighting
  2636 | D:3      | Killed Ijyb
  2638 | D:3      | Reached skill level 5 in Armour
  3075 | D:4      | Reached XP level 6. HP: 48/58 MP: 5/5
  3162 | D:4      | Reached skill level 7 in Fighting
  3348 | D:4      | Found a staircase to the Ecumenical Temple.
  3580 | D:4      | Reached XP level 7. HP: 44/66 MP: 6/6
  3639 | D:4      | Noticed Duvessa
  3642 | D:4      | Noticed Dowan
  3655 | D:4      | Killed Duvessa
  3655 | D:4      | Reached skill level 8 in Fighting
  3669 | D:4      | Killed Dowan
  4144 | D:4      | Noticed Eustachio
  4164 | D:4      | Killed Eustachio
  4601 | D:5      | Entered Level 5 of the Dungeon
  4676 | D:5      | Reached skill level 9 in Fighting
  4676 | D:5      | Reached XP level 8. HP: 39/78 MP: 7/7
  4930 | D:5      | Reached **** piety under Trog
  5870 | D:6      | Noticed Blork the orc
  5888 | D:6      | Killed Blork the orc
  6201 | D:6      | Found a sacrificial altar of Ru.
  6248 | D:6      | Reached skill level 10 in Fighting
  6469 | D:6      | Slain by a steam dragon

Skill      XL: |  1  2  3  4  5  6  7  8 |
---------------+-------------------------+-----
Fighting       | 4 5 6 7 9 10 | 10.0
Armour         | 3 4 5 6 8 9 |  9.3
Axes           | 4 |  4.6
Dodging        | 3 |  3.4

Action                   |  1- 3 |  4- 6 |  7- 9 || total
-------------------------+-------+-------+-------++-------
Melee: Hand axe          |    77 |   147 |   264 ||   488
       Headbutt          |     9 |    31 |    60 ||   100
       Unarmed           |       |     5 |       ||     5
Invok: Burn Spellbooks   |       |       |     1 ||     1
  Use: Scroll            |       |       |     6 ||     6
 Stab: Sleeping          |     1 |       |       ||     1
  Eat: Chunk             |     1 |     7 |    16 ||    24
       Pizza             |       |       |     1 ||     1
Armor: Animal skin       |     8 |     3 |       ||    11
       Chain mail        |       |    75 |       ||    75
       Ring mail         |       |    14 |    36 ||    50
       Gold dragon scale |       |       |   129 ||   129
Dodge: Dodged            |    52 |    91 |   133 ||   276
